 Dungeon Crawl Stone Soup version 0.30-a0-596-g0af90f9a20 (webtiles) character file.

Game seed: 15117578618567871724

303 sokol815 the Sneak (level 6, -2/42 HPs)
             Began as an Octopode Fighter on Jan 7, 2023.
             Killed from afar by an orc wizard (5 damage)
             ... with a magic dart
             ... on level 4 of the Dungeon.
             The game lasted 00:05:32 (2589 turns).

sokol815 the Sneak (Octopode Fighter)               Turns: 2589, Time: 00:05:32

Health: -2/42      AC:  1    Str: 22    XL:     6   Next: 38%
Magic:  0/6        EV: 13    Int: 12    God:
Gold:   142        SH:  4    Dex: 11    Spells: 2/5 levels left

rFire   . . .      SeeInvis .    a - +1 war axe
rCold   . . .      Faith    .    b - +0 buckler
rNeg    . . .      Spirit   +    (helmet restricted)
rPois   .          Reflect  .    c - amulet of guardian spirit
rElec   .          Harm     .    n - +6 ring of strength
rCorr   .          Rampage  .    (no ring)
Will    .....                    (no ring)
Stlth   ++++                     (no ring)
HPRegen 0.27/turn                (no ring)
MPRegen 0.10/turn                (no ring)
                                 (no ring)
                                 (no ring)

@: no status effects
A: almost no armour, amphibious, 8 rings, camouflage 1, gelatinous body 1,
(nimble swimmer 1), tentacles
a: no special abilities


You were on level 4 of the Dungeon.
You visited 1 branch of the dungeon, and saw 4 of its levels.

You collected 142 gold pieces.

Inventory:

Hand Weapons
 a - a +1 war axe (weapon)
 h - a +0 dagger
   (You took it off a kobold on level 1 of the Dungeon)
 j - a +2 whip of freezing
   (You took it off a gnoll on level 1 of the Dungeon)
Missiles
 e - 11 boomerangs
 g - 5 poisoned darts
 k - a throwing net {!d}
Armour
 b - a +0 buckler (worn)
Magical Staves
 q - a staff of air {rElec}
   (You found it on level 3 of the Dungeon)
Jewellery
 c - an amulet of guardian spirit (around mantle)
   (You found it on level 3 of the Dungeon)
 n - a +6 ring of strength (left tentacle)
   (You found it on level 2 of the Dungeon)
Wands
 d - a wand of roots (8)
   (You found it on level 3 of the Dungeon)
Scrolls
 f - 2 scrolls of identify {@r1}
 o - a scroll of torment {!r}
 D - a scroll of blinking {!r}
 K - a scroll of immolation {!r}
 Y - 2 scrolls of teleportation {@r3}
Potions
 M - 2 potions of might


   Skills:
 - Level 3.0 Fighting
 - Level 0.8 Short Blades
 - Level 2.0 Axes
 - Level 3.0 Dodging
 * Level 7.3 Stealth
 - Level 3.0 Shields
 * Level 2.9 Ice Magic


You had 2 spell levels left.
You knew the following spells:

 Your Spells              Type           Power      Damage    Failure   Level
a - Frozen Ramparts       Ice            14%        1d3       36%         3

Your spell library contained the following spells:

 Spells                   Type           Power      Damage    Failure   Level
 Cigotuvi's Dreadful Rot  Necr/Pois/Air  0%         N/A       54%         2
 Gell's Gravitas          Tloc           0%         N/A       78%         3
 Ignite Poison            Fire/Tmut/Pois 0%         N/A       78%         3
 Kindle Blastsparks       Fire/Tloc/Air  0%         2d10      78%         3
 Lesser Beckoning         Tloc           0%         N/A       78%         3
 Teleport Other           Tloc           0%         N/A       78%         3
 Ice Form                 Ice/Tmut       3%         N/A       94%         4
 Summon Ice Beast         Ice/Summ       3%         N/A       94%         4
 Dispel Undead            Necr           0%         3d6       99%         4
 Freezing Cloud           Conj/Ice/Air   1%         6-21      100%        5
 Death Channel            Necr           0%         N/A       100%        6


Dungeon Overview and Level Annotations

Branches:
Dungeon (4/15) Zot: 21371
 Temple: D:4-7

Altars:

Annotations:
D:3 Grinder, Sigmund
D:4 Duvessa


Innate Abilities, Weirdness & Mutations

You cannot wear most types of armour.
You are amphibious.
You can wear up to eight rings at the same time.
Your skin changes colour to match your surroundings (Stealth+).
Your rubbery body absorbs attacks. (AC +1, EV +1)
((You are camouflaged when in or above water. (Stealth+)))
You have tentacles for arms and can constrict up to eight enemies at once.


Message History

Health restored: 42; MP restored: 6 You see here a +0 robe.
You see here a +0 robe.
You see here a necrophage corpse.
There is an open door here.
You open the door.
A dart slug comes into view.
There is an open door here.
The dart slug closely misses you.
You slash the dart slug! You grab the dart slug. You constrict the dart slug.
You kill the dart slug!
No target in view!
No target in view!
You now have 124 gold pieces (gained 9).
D - a scroll of blinking {!r} You now have 142 gold pieces (gained 18).
You open the door.
There is an open door here.
You open the door.
There is an open door here.
f - 2 scrolls of identify {@r1} (gained 1)
An orc comes into view. It is wielding a +0 flail.
An orc comes into view. It is wielding a +0 war axe.
The orc shouts!
An orc wizard and a hobgoblin come into view.
The orc wizard shouts!
The hobgoblin shouts!
You hear a shout!
The orc wizard gestures wildly while chanting.
The orc wizard flickers and vanishes!
Deactivating autopickup; reactivate with Ctrl-A.
You completely miss the orc. Your grab misses the orc.
The orc barely misses you.
You closely miss the orc. Your grab misses the orc. The orc closely misses you.
You barely miss the orc. You grab the orc. You slash the orc!
You kill the orc!
You constrict the orc.
The orc struggles to escape constriction.
The orc hits you with a +0 flail! You block the hobgoblin's attack.
You take 8 damage, and have 34/42 hp.
You now have 5/6 mp.
You slash the orc!
You kill the orc!
You miss something. You completely miss the hobgoblin. Something hits you.
The hobgoblin misses you.
You take 1 damage, and have 33/42 hp.
You barely miss the hobgoblin. You grab the hobgoblin.
You squeeze the hobgoblin. You miss something.
You constrict the hobgoblin, but do no damage.
The hobgoblin barely misses you. Something completely misses you.
The hobgoblin closely misses you. Something hits you.
You take 2 damage, and have 31/42 hp.
You now have 4/6 mp.
You hit the hobgoblin.
You kill the hobgoblin!
You closely miss something. Something hits you but does no damage.
You hit something. Your squeeze misses something.
Something completely misses you. You block something's attack.
You miss something. Your squeeze misses something. Something hits you.
You now have 3/6 mp.
You miss something.
You hear some strange, mumbled words.
You are confused.
Something hits you.
You take 3 damage, and have 29/42 hp.
You see here a +0 war axe.
Something hits you.
You take 4 damage, and have 25/42 hp.
Something hits you.
You take 3 damage, and have 22/42 hp.
Something hits you.
A magic dart appears from out of thin air!
The magic dart hits you!
You take 8 damage, and have 14/42 hp.
You now have 2/6 mp.
Something hits you.
* * * LOW HITPOINT WARNING * * *
You take 2 damage, and have 12/42 hp.
You miss something. Your squeeze misses something. Something hits you.
* * * LOW HITPOINT WARNING * * *
You now have 1/6 mp.
You feel less confused. Something hits you.
* * * LOW HITPOINT WARNING * * *
You take 3 damage, and have 9/42 hp.
The roots erupt in riotous growth!
You hear a shout! x2
Something hits you.
* * * LOW HITPOINT WARNING * * *
You take 1 damage, and have 8/42 hp.
You miss something. Your squeeze misses something. Something hits you.
* * * LOW HITPOINT WARNING * * *
Something hits you.
* * * LOW HITPOINT WARNING * * *
You take 3 damage, and have 5/42 hp.
You now have 0/6 mp.
You miss something.
An ogre comes into view. It is wielding a +0 giant club.
Something hits you.
* * * LOW HITPOINT WARNING * * *
You take 2 damage, and have 3/42 hp.
You miss something.
You hear some strange, mumbled words.
A magic dart appears from out of thin air!
The magic dart hits you.
You die...

# # # ############+#
######............###
'....'..............
######...........O# #
#............#####+#
#
#..........@...$....
# #.........{......#.
# #.........)......+
##########.......#
#.#.....# ..#.....#
.###.....# .# #.....#
.# #.....#


You could see an ogre.

Vanquished Creatures
  A necrophage (D:4)
  Jessica (D:3)
  Natasha (thrice) (D:3)
  5 gnolls
  3 adders
  2 dart slugs
  3 orcs (D:4)
  2 ball pythons (D:2)
  9 endoplasms
  3 giant cockroaches
  3 hobgoblins
  5 quokkas
  7 bats
  2 frilled lizards (D:1)
  3 goblins
  4 kobolds
  5 rats
61 creatures vanquished.

Vanquished Creatures (others)
  3 fungi (D:1)
3 creatures vanquished.

Grand Total: 64 creatures vanquished

Notes
Turn   | Place    | Note
-------+----------+-------------------------------------------
     0 | D:1      | sokol815 the Octopode Fighter began the quest for the Orb.
     0 | D:1      | Reached XP level 1. HP: 16/16 MP: 1/1
    87 | D:1      | Reached skill level 1 in Stealth
   209 | D:1      | Reached skill level 2 in Stealth
   210 | D:1      | Reached XP level 2. HP: 14/21 MP: 2/2
   355 | D:1      | Reached skill level 3 in Stealth
   366 | D:1      | Reached XP level 3. HP: 22/26 MP: 3/3
   386 | D:1      | Found a faded altar of an unknown god.
   595 | D:2      | Reached skill level 4 in Stealth
   793 | D:2      | Reached XP level 4. HP: 24/31 MP: 4/4
  1118 | D:2      | Reached skill level 5 in Stealth
  1316 | D:2      | Learned a level 3 spell: Frozen Ramparts
  1580 | D:3      | Noticed Jessica
  1586 | D:3      | Killed Jessica
  1587 | D:3      | Reached skill level 6 in Stealth
  1587 | D:3      | Reached skill level 1 in Ice Magic
  1587 | D:3      | Reached XP level 5. HP: 36/36 MP: 5/5
  1698 | D:3      | Noticed Grinder
  1732 | D:3      | Noticed Natasha
  1738 | D:3      | Killed Natasha
  1814 | D:3      | Noticed Natasha
  1833 | D:3      | Killed Natasha
  1834 | D:3      | Reached skill level 2 in Ice Magic
  1950 | D:3      | Noticed Natasha
  1955 | D:3      | Killed Natasha
  1956 | D:3      | Reached XP level 6. HP: 42/42 MP: 6/6
  2108 | D:3      | Noticed Sigmund
  2371 | D:4      | Noticed Duvessa
  2452 | D:4      | Reached skill level 7 in Stealth
  2585 | D:4      | HP: 9/42 [something (3)]
  2588 | D:4      | HP: 3/42 [something (2)]
  2589 | D:4      | Killed from afar by an orc wizard

Illustrated notes

Levels and vault maps discovered:
D:1:      lightli_arrival_chessboard, layout_rooms,
          dreamdust_ecumenical_altar_grove
D:2:      layout_basic
D:3:      layout_loops_ring, gammafunk_temple_overflow_elements,
          minmay_door_square, uniq_ijyb, uniq_jessica, uniq_grinder,
          uniq_sigmund, uniq_natasha
D:4:      minmay_octagon_keep, layout_basic, general_overflow_altar,
          uniq_duvessa

Skill      XL: |  1  2  3  4  5  6 |
---------------+-------------------+-----
Stealth        | 2 3 4 6 7 |  7.3
Ice Magic      | 1 2 |  2.9
Fighting       | |  3.0
Short Blades   | |  0.8
Axes           | |  2.0
Dodging        | |  3.0
Shields        | |  3.0

Action                   |  1- 3 |  4- 6 || total
-------------------------+-------+-------++-------
Melee: War axe           |    12 |    47 ||    59
       Constrict         |    15 |    18 ||    33
       Tentacles         |    12 |     9 ||    21
       Dagger            |    12 |       ||    12
       Whip              |    33 |    18 ||    51
       Punch             |     1 |     2 ||     3
Throw: Stone             |       |    13 ||    13
Evoke: Wand              |       |     1 ||     1
  Use: Scroll            |       |     9 ||     9
 Stab: Sleeping          |     9 |     3 ||    12
Armor: Skin              |     7 |     5 ||    12
Dodge: Dodged            |    25 |    25 ||    50
Block: Buckler           |     9 |    13 ||    22

Table legend: (Time is in decaauts)
 A = Elapsed time spent in this place.
 B = Non-inter-level travel time spent in this place.
 C = Inter-level travel time spent in this place.
 D = Time resting spent in this place.
 E = Time spent auto-exploring this place.
 F = Levels seen in this place.
 G = Mean time per level.
                   A        B        C        D        E       F      G
               +--------+--------+--------+--------+--------+-----+--------+
         Total |   2627 |   2549 |     78 |    136 |   1882 |   4 |  656.8 |
       Dungeon |   2627 |   2549 |     78 |    136 |   1882 |   4 |  656.8 |
               +--------+--------+--------+--------+--------+-----+--------+

Top non-repeatable levels by time:
     D:3: 852 daAuts
     D:2: 840 daAuts
     D:1: 665 daAuts
     D:4: 269 daAuts

Table legend:
 A = Kills in this place as a percentage of kills in entire the game.
 B = Kills by you in this place as a percentage of kills by you in the entire game.
 C = Kills by friends in this place as a percentage of kills by friends in the entire game.
 D = Other kills in this place as a percentage of other kills in the entire game.
 E = Experience gained in this place as a percentage of experience gained in the entire game.
 F = Experience gained in this place divided by the number of levels of this place that you have seen.
                   A       B       C       D       E      F
               +-------+-------+-------+-------+-------+----------------------
         Total | 100.0 | 100.0 |   N/A |   N/A | 100.0 | 108.2
       Dungeon | 100.0 | 100.0 |   N/A |   N/A | 100.0 | 108.2
               +-------+-------+-------+-------+-------+----------------------
